Map: Zen LE

Players

어떡해든됨

  • Race: Protoss Protoss
  • Spawn Location: 1:00

JohnnyV - Winner!

  • Race: Terran Terran
  • League: Bronze
  • Spawn Location: 7:00

VOD

Have the link to the VOD?

Description

Time

  • Played on: April 30, 2020, 6:29 p.m.
  • Length: 8:37
Show
View Real Time Build Order
Export as new Build Order

어떡해든됨 Protoss 

Build Orders:  

Get SALT Encoding   

  12  0:01  Probe (Chrono Boost)  
  13  0:10  Probe (Chrono Boost)  
  14  0:15  Probe (Chrono Boost)  
  15  0:23  Pylon  
  15  0:41  Probe  
  16  0:48  Assimilator  
  16  0:53  Gateway  
  16  0:56  Forge  
  16  0:59  Probe  
  17  1:11  Probe  
  18  1:23  Probe  
  18  1:33  Gateway  
  18  1:36  Probe  
  19  1:48  Probe  
  19  1:49  Pylon  
  19  1:50  Zealot  
  22  2:00  Probe  
  23  2:02  Assimilator  
  23  2:06  Pylon  
  23  2:12  Probe  
  24  2:18  Cybernetics Core  
  24  2:25  Probe  
  25  2:34  Zealot  
  27  2:51  Nexus  
  27  2:59  Warp Gate  
  27  3:01  Zealot  
  27  3:03  Protoss Ground Weapons Level 1  
  29  3:25  Robotics Facility  
  29  3:27  Zealot  
  31  3:43  Probe  
  31  3:46  Zealot  
  35  3:55  Probe (Chrono Boost)  
  35  4:04  Probe (Chrono Boost)  
  37  4:10  Zealot  
  37  4:13  Probe (Chrono Boost)  
  37  4:14  Probe (Chrono Boost)  
  40  4:19  Probe x2 (Chrono Boost), Pylon  
  42  4:29  Photon Cannon  
  42  4:30  Assimilator  
  42  4:31  Probe x2  
  43  4:34  Assimilator  
  43  4:37  Observer  
  45  4:43  Probe x2  
  47  4:48  Zealot  
  49  4:54  Gateway  
  49  4:55  Probe  
  49  4:56  Gateway  
  49  4:58  Observer  
  51  5:07  Twilight Council  
  51  5:13  Pylon  
  51  5:16  Probe  
  52  5:28  Probe  
  53  5:40  Probe  
  48  5:47  Stalker x2  
  46  5:51  Stalker  
  46  5:52  Probe, Stalker  
  44  6:05  Probe  
  45  6:21  Stalker  
  45  6:24  Observer  
  48  6:26  Probe  
  48  6:29  Probe  
  50  6:38  Probe  
  51  6:41  Probe  
  52  6:50  Probe  
  52  6:53  Pylon  
  53  6:59  Nexus  
  53  7:01  Stalker  
  53  7:02  Probe  
  53  7:03  Stalker  
  53  7:07  Stalker  
  60  7:11  Sentry  
  60  7:14  Probe  
  63  7:27  Warp Prism  
  65  7:36  Pylon  
  65  7:39  Pylon  
  65  7:53  Robotics Bay  
  69  8:07  Robotics Facility  
  69  8:09  Stalker x2  
  69  8:10  Stalker  
  67  8:24  Stalker  
Show
View Real Time Build Order
Export as new Build Order

JohnnyV Terran - Winner!

Build Orders: Liberator Opening 

Get SALT Encoding   

  12  0:01  SCV  
  13  0:16  Supply Depot  
  13  0:25  SCV  
  14  0:37  SCV  
  14  0:39  Barracks  
  15  0:48  Refinery  
  15  0:49  SCV  
  16  1:06  SCV  
  17  1:28  Marine  
  17  1:30  Supply Depot  
  17  1:32  Orbital Command  
  18  1:35  Refinery  
  18  1:47  Marine  
  19  2:01  Bunker  
  19  2:03  SCV  
  19  2:06  Marine  
  21  2:12  Factory  
  21  2:20  SCV  
  22  2:35  Barracks Tech Lab  
  22  2:36  SCV  
  23  2:46  Command Center  
  23  3:04  Barracks Reactor, Siege Tank  
  26  3:14  Starport  
  26  3:22  SCV  
  27  3:34  SCV  
  27  3:38  Supply Depot  
  28  3:41  Supply Depot  
  28  3:48  Siege Tank  
  31  3:52  Supply Depot  
  31  3:58  Marine x2  
  31  4:01  Liberator  
  36  4:21  SCV  
  36  4:22  SCV  
  38  4:32  Marine x2, Siege Tank  
  43  5:00  Armory  
  43  5:16  Factory Tech Lab  
  43  5:19  Raven  
  45  5:41  Cyclone  
  48  5:44  Marine x2  
  50  5:51  Orbital Command  
  50  6:05  Terran Vehicle Weapons Level 1  
  50  6:17  Cyclone  
  50  6:32  Barracks  
  50  6:33  Barracks  
  50  6:35  Engineering Bay  
  50  6:43  Engineering Bay  
  50  6:52  Siege Tank  
  53  6:56  Marine  
  53  6:57  Marine  
  55  7:02  Supply Depot, Engineering Bay  
  55  7:08  SCV x2  
  57  7:19  Viking  
  57  7:20  SCV  
  57  7:21  Marine x2  
  62  7:39  Marine x2  
  64  7:47  Siege Tank  
  64  7:49  Viking  
  69  8:18  Marine x2  
Tags
 
League
Bronze
Matchup
PvT
Spawn Locations
Cross Positions
Add a new tag
Caveats
  • Supply blocks, unpowered buildings, or Contaminate may cause inaccurate times.
  • Supply counts are checked every 10 seconds.